 Dungeon Crawl Stone Soup version 0.28-a0-390-gb254ac4902 (webtiles) character file.

Game seed: 3317545972797273474

533950 dolemite99 the Executioner (level 26, -7/248 HPs)
             Began as a Hill Orc Fighter on Sept 3, 2021.
             Was a High Priest of Okawaru.
             Mangled by a vampire knight (20 damage)
             ... on level 2 of the Crypt on Sept 4, 2021.
             The game lasted 02:11:08 (75850 turns).

dolemite99 the Executioner (Hill Orc Fighter)      Turns: 75850, Time: 02:11:08

Health: -7/248     AC: 35    Str: 35    XL:     26   Next: 31%
Magic:  11/11      EV: 15    Int: 15    God:    Okawaru [*****.]
Gold:   2279       SH:  0    Dex: 14    Spells: 20/25 levels left

rFire   . . .      SeeInvis +   T - +2 executioner's axe (antimagic)
rCold   . . .      Faith    .   (shield currently unavailable)
rNeg    . . .      Spirit   .   i - +10 chain mail of Vaasask {rElec Str+3}
rPois   .          Reflect  .   L - +2 hat {Will+}
rElec   +          Harm     .   g - scarf {repulsion}
rCorr   +          Rampage  .   (no gloves)
Will    ++...                   R - +2 pair of boots
Stlth   ..........              t - amulet "Camogoab" {Acrobat rCorr Int+4}
HPRegen 0.51/turn               r - ring of see invisible
MPRegen 0.12/turn               y - ring of Buyts {Contam AC+4 Str+4 Dex+4, =R}

@: hasted, repel missiles, very quick
A: wild magic 1
}: 2/15 runes: barnacled, gossamer
a: Renounce Religion, Heroism, Finesse, Duel


You were on level 2 of the Crypt.
You worshipped Okawaru.
Okawaru was extremely pleased with you.
You visited 9 branches of the dungeon, and saw 45 of its levels.
You visited the Abyss 1 time.
You visited 1 bazaar.
You also visited: Sewer, Bailey and Ice Cave.

You collected 7477 gold pieces.
You spent 5198 gold pieces at shops.

Inventory:

Hand Weapons
 a - the +8 storm bow {elec, penet}
   (You acquired it on level 9 of the Dungeon)

   Any ammunition fired from it occasionally discharges a powerful burst of
   electricity upon striking a foe.
   Any ammunition fired by it passes through the targets it hits, potentially
   hitting all targets in its path until it reaches maximum range.
 b - the +7 battleaxe of Yducviv {vamp, Fly rCorr Dex+5}
   (You bought it in a shop on level 2 of the Orcish Mines)

   It occasionally heals its wielder for a portion of the damage dealt when it
   wounds a living foe.
   Dex:       It affects your dexterity (+5).
   Fly:       It grants you flight.
   rCorr:     It protects you from acid and corrosion.
 p - a +2 vorpal executioner's axe
 w - a +6 vampiric executioner's axe
 T - a +2 antimagic executioner's axe (weapon)
Missiles
 x - 1328 arrows
Armour
 g - a scarf of repulsion (worn)
 h - a +4 plate armour of fire resistance
 i - the +10 chain mail of Vaasask (worn) {rElec Str+3}
   (You found it on level 1 of the Crypt)

   Str:       It affects your strength (+3).
   rElec:     It insulates you from electricity.
 L - a +2 hat of willpower (worn)
 R - a +2 pair of boots (worn)
Jewellery
 d - the ring of Oriocur {Wiz rC+ Str+4 Dex-2}
   (You took it off a deep elf blademaster on level 3 of the Elven Halls)

   [ring of wizardry]

   It improves your spell success rate.
   Str:       It affects your strength (+4).
   Dex:       It affects your dexterity (-2).
   rC:        It protects you from cold.
 f - a ring of willpower
 j - a ring of poison resistance
 n - a ring of protection from fire
 r - a ring of see invisible (left hand)
 t - the amulet "Camogoab" (around neck) {Acrobat rCorr Int+4}
   (You acquired it in an ice cave)

   [amulet of the acrobat]

   It increases your evasion while moving and waiting.
   Int:       It affects your intelligence (+4).
   rCorr:     It protects you from acid and corrosion.
 y - the ring of Buyts (right hand) {Contam AC+4 Str+4 Dex+4, =R}
   (You bought it in a shop on level 2 of the Orcish Mines)

   [ring of protection]

   AC:        It affects your AC (+4).
   Str:       It affects your strength (+4).
   Dex:       It affects your dexterity (+4).
   Contam:    It causes magical contamination when unequipped.
 O - the ring of the Empire {rC+ rCorr Str+3 Stlth+}
   (You acquired it on level 10 of the Dungeon)

   [ring of resist corrosion]

   Str:       It affects your strength (+3).
   rC:        It protects you from cold.
   rCorr:     It protects you from acid and corrosion.
   Stlth:     It makes you more stealthy.
 Y - the ring "Trusted Companion" {rElec Dex+6}
   (You bought it in a shop in a bazaar)

   [ring of dexterity]

   Dex:       It affects your dexterity (+6).
   rElec:     It insulates you from electricity.
Wands
 v - a wand of mindburst (62)
 C - a wand of paralysis (67) (quivered)
 G - a wand of digging (17)
 N - a wand of polymorph (27)
 X - a wand of acid (7)
Scrolls
 m - 2 scrolls of amnesia
 o - 4 scrolls of enchant armour
 A - 6 scrolls of teleportation
 D - 5 scrolls of fear
 E - 4 scrolls of fog
 J - a scroll of blinking
 K - a scroll of brand weapon
 Q - 2 scrolls of magic mapping
 V - 4 scrolls of silence
 W - 31 scrolls of identify {@r1}
Potions
 c - 2 potions of mutation
 e - 6 potions of attraction
 k - 6 potions of flight
 l - 5 potions of berserk rage
 q - a potion of invisibility
 s - 5 potions of resistance
 u - 7 potions of cancellation
 z - 25 potions of curing
 F - 5 potions of ambrosia
 H - 4 potions of magic
 S - 10 potions of brilliance
Miscellaneous
 I - a phial of floods
 M - a tin of tremorstones (2/2)
 U - a phantom mirror
 Z - a condenser vane


   Skills:
 - Level 22.5 Fighting
 - Level 22.5(22.8) Axes
 + Level 6.0(14.4) Maces & Flails
 + Level 17.0 Bows
 - Level 21.5 Armour
 - Level 12.7 Dodging
 - Level 3.2 Shields
 - Level 6.8 Transmutations
 - Level 12.2 Earth Magic
 - Level 14.7 Invocations
 - Level 8.1 Evocations


You had 20 spell levels left.
You knew the following spells:

 Your Spells              Type           Power      Damage    Failure   Level
a - Passwall              Tmut/Erth      30%        N/A       3%          2
b - Swiftness             Air            0%         N/A       91%         3

Your spell library contained the following spells:

 Spells                   Type           Power      Damage    Failure   Level
 Beastly Appendage        Tmut           52%        N/A       6%          1
 Wereblood                Tmut           26%        N/A       9%          2
 Lee's Rapid Deconstruct  Erth           23%        3d14*     16%         5
 Petrify                  Tmut/Erth      37%        N/A       17%         4
 Sting                    Tmut/Pois      52%        1d5       21%         1
 Spider Form              Tmut/Pois      6%         N/A       50%         3
 Pain                     Necr           0%         1d4       61%         1
 Ignite Poison            Fire/Tmut/Pois 8%         N/A       65%         3
 Corpse Rot               Necr/Air       N/A        N/A       73%         2
 Poisonous Vapours        Pois/Air       0%         N/A       73%         2
 Searing Ray              Conj           0%         3d3       73%         2
 Slow                     Hex            0%         N/A       73%         2
 Static Discharge         Conj/Air       0%         N/A       73%         2
 Sublimation of Blood     Necr           0%         N/A       73%         2
 Borgnjor's Vile Clutch   Necr/Erth      11%        N/A       86%         5
 Ice Form                 Ice/Tmut       13%        N/A       87%         4
 Confusing Touch          Hex            0%         N/A       91%         3
 Conjure Flame            Conj/Fire      0%         6-21      91%         3
 Frozen Ramparts          Ice            0%         1d2       91%         3
 Gell's Gravitas          Tloc           0%         N/A       91%         3
 Inner Flame              Hex/Fire       0%         N/A       91%         3
 Lesser Beckoning         Tloc           0%         N/A       91%         3
 Mephitic Cloud           Conj/Pois/Air  0%         N/A       91%         3
 Teleport Other           Tloc           0%         N/A       91%         3
 Vampiric Draining        Necr           0%         2d6       91%         3
 Statue Form              Tmut/Erth      24%        N/A       92%         6
 Alistair's Intoxication  Tmut/Pois      8%         N/A       99%         5
 Irradiate                Conj/Tmut      6%         3d16      99%         5
 Yara's Violent Unravell  Hex/Tmut       6%         3d5       99%         5
 Cause Fear               Hex            0%         N/A       100%        4
 Dispel Undead            Necr           0%         3d6       100%        4
 Fulminant Prism          Conj/Hex       0%         3d6       100%        4
 Iskenderun's Mystic Bla  Conj/Tloc      0%         2d3       100%        4
 Olgreb's Toxic Radiance  Pois           0%         N/A       100%        4
 Sticky Flame             Conj/Fire      0%         2d3       100%        4
 Freezing Cloud           Conj/Ice/Air   0%         6-21      100%        5
 Lightning Bolt           Conj/Air       0%         1d11      100%        5
 Dispersal                Tloc           0%         N/A       100%        6
 Eringya's Noxious Bog    Tmut/Pois      6%         N/A       100%        6
 Invisibility             Hex            0%         N/A       100%        6
 Dragon Form              Tmut           13%        N/A       100%        7
 Orb of Destruction       Conj           0%         N/A       100%        7
 Discord                  Hex            0%         N/A       100%        8
 Necromutation            Tmut/Necr      6%         N/A       100%        8
 Polar Vortex             Ice            0%         N/A       100%        9
 Animate Skeleton         Necr           Unusable   N/A       N/A         1
 Summon Guardian Golem    Hex/Summ       Unusable   N/A       N/A         3
 Animate Dead             Necr           Unusable   N/A       N/A         4
 Summon Ice Beast         Ice/Summ       Unusable   N/A       N/A         4
 Summon Forest            Summ/Tloc      Unusable   N/A       N/A         5
 Death Channel            Necr           Unusable   N/A       N/A         6
 Simulacrum               Ice/Necr       Unusable   N/A       N/A         6
 Haunt                    Necr/Summ      Unusable   N/A       N/A         7
 Spellforged Servitor     Conj/Summ      Unusable   N/A       N/A         7
 Summon Hydra             Summ           Unusable   N/A       N/A         7
 Infestation              Necr           Unusable   N/A       N/A         8

Dungeon Overview and Level Annotations

Branches:
Dungeon (15/15)            Temple (0/1) D:5            Lair (6/6) D:9
 Shoals (4/4) Lair:2       Spider (4/4) Lair:2        Slime (0/5) Lair:5
    Orc (2/2) D:10            Elf (3/3) Orc:2        Vaults (4/5) D:13
  Crypt (2/3) Vaults:2     Depths (5/5) D:15            Zot (0/5) Depths:5
  Sewer (visited)          Bailey (visited)           IceCv (visited)

Altars:
Cheibriados
Dithmenos
Fedhas
Gozag
Hepliaklqana
Okawaru
Qazlal
Ru
Trog
Uskayaw
Wu Jian
Xom
Yredelemnul
Lugonu

Shops:
D:5 *   Orc:1 !   Orc:2 *(?*(   Shoals:3 *(   Vaults:1 [   Depths:1 =:=

Portals:
Hell: Depths:1 Depths:2 Depths:3* Depths:4 Depths:5
Abyss: Depths:3 Depths:5
Pandemonium: Depths:1 Depths:2 Depths:3
Ziggurat: Depths:3

Annotations:
D:12 2 transporters, 1 runed translucent door, Agauroho's ghost, journeyman GrEE
Lair:4 1 runed translucent door, Jysajome's ghost, adept OgCj
Spider:2 exclusion: downstairs
Elf:2 3 runed translucent doors
Elf:3 2 runed translucent doors, Maimakterion's ghost, adept DEAE
Vaults:4 3 runed translucent doors, Anno's ghost, adept MiGl


Innate Abilities, Weirdness & Mutations

Your spells are a little harder to cast, but a little more powerful.


Message History

The spriggan defender skeleton disappears in a puff of smoke!
The minotaur zombie disappears in a puff of smoke!
The vampire knight casts a spell.
The vampire knight flickers and vanishes!
Deactivating autopickup; reactivate with Ctrl-A.
Your base Maces & Flails skill increases to level 6!
Something completely misses you. Something bites you but does no damage.
You feel better. Something hits you!
* * * LOW HITPOINT WARNING * * *
Something bites you but does no damage.
You feel better.
You hear some strange, mumbled words.
Something tries to affect you, but you resist.
You hear some strange, mumbled words.
Something tries to affect you, but you resist.
You feel better.
You feel yourself speed up. Something hits you!
* * * LOW HITPOINT WARNING * * *
Something bites you but does no damage.
You remove your ring of poison resistance.
Something hits you!!
* * * LOW HITPOINT WARNING * * *
Something bites you!
* * * LOW HITPOINT WARNING * * *
Something draws strength from your injuries!
Reactivating autopickup.
r - a ring of see invisible (left hand)
You slice the vampire knight!!
The vampire knight's magic leaks into the air.
The vampire knight is moderately damaged.
The vampire knight completely misses you.
The vampire knight misses you.
You feel better.
The vampire knight hits you with a +0 long sword!
* * * LOW HITPOINT WARNING * * *
The vampire knight closely misses you.
You feel better.
The vampire knight hits you with a +0 long sword!!
You die...

#.# #.....# #.# #.....#
###.###...#.######
.................#.#
###.###.###.#....#.#
........# #.#....#.#
###.###.# #.####.#.# #.#
#)###.## #.#.# . #.#
#.##...###@#.# ...
###.###)##....##V#§#§....
................V)..§.(..
............#....#(####.>
###.###.##########.# #
##.## .# #...# .# #...#
V# ..[............ ..


You could see a vampire knight (fast, strong, invisible) and a vampire mage.

Vanquished Creatures
  Mara (Shoals:3)
  2 juggernauts
  Frederick (Crypt:2)
  Xtahua (Vaults:4)
  A caustic shrike (Depths:2)
  Jory (Vaults:4)
  A golden dragon (Depths:5)
  A lich (Vaults:4)
  Mlioglotl (Spider:2)
  3 deep elf blademasters (Elf:3)
  5 deep elf master archers (Elf:3)
  2 titans
  2 krakens (Shoals:3)
  11 sphinxes
  3 tentacled starspawn (Abyss:2)
  4 ancient champions
  Gastronok (Lair:1)
  Polyphemus (Shoals:3)
  Roxanne (D:14)
  4 tengu reavers
  Donald (Vaults:3)
  2 shadow dragons
  2 revenants
  10 fire giants
  17 vault wardens
  4 ghost moths
  4 deep elf sorcerers (Elf:3)
  A draconian scorcher (Depths:5)
  9 emperor scorpions
  Louise (Spider:3)
  8 frost giants
  A cacodemon (Abyss:2)
  An orc warlord (Vaults:3)
  An iron dragon (Depths:5)
  A curse skull (Crypt:2)
  A caustic shrike zombie (Crypt:1)
  Aizul (Shoals:3)
  4 spectral caustic shrikes (Depths:2)
  A spriggan defender (Depths:4)
  6 deep elf elementalists (Elf:3)
  A draconian stormcaller (Depths:5)
  16 ironbound preservers
  15 very ugly things
  9 stone giants
  A quicksilver ooze (shapeshifter) (D:15)
  7 vampire knights
  6 deep elf demonologists
  2 green draconians (Depths:5)
  A black draconian (Depths:5)
  7 entropy weavers
  A red draconian (Depths:5)
  12 dire elephants
  6 deep elf annihilators
  A spark wasp (Depths:2)
  A white draconian (Depths:5)
  A purple draconian (Depths:5)
  3 ettins
  An eidolon (Crypt:2)
  6 merfolk javelineers
  6 jiangshi
  Josephine (D:15)
  4 deep elf death magi
  6 fire dragons
  15 merfolk impalers
  8 yaktaur captains
  12 great orbs of eyes
  4 deep elf high priests
  14 hydras
  4 ironbound thunderhulks
  3 ice dragons
  Harold (D:10)
  A hydra (shapeshifter) (Depths:2)
  13 vault guards
  9 boulder beetles
  A hell beast (Depths:2)
  3 rakshasas
  10 ironbound frosthearts
  An anaconda (shapeshifter) (Vaults:4)
  2 spriggan air magi
  19 centaur warriors
  5 merfolk avatars
  6 ogre magi
  3 catoblepae
  A death knight (D:14)
  16 dancing weapons
  4 merfolk aquamancers
  14 death yaks
  2 alligator snapping turtles
  13 two-headed ogres
  8 tengu warriors
  4 deep troll earth magi
  A vampire mage (Crypt:1)
  6 deep troll shamans
  An orc high priest (Orc:2)
  A titan zombie (Vaults:4)
  7 ironbound beastmasters
  3 soul eaters
  3 deep elf knights
  3 spriggan berserkers
  3 thrashing horrors (Abyss:2)
  4 hell knights (Depths:5)
  Sonja (D:10)
  2 wretched stars (Abyss:2)
  13 iron trolls
  14 sea snakes
  19 skeletal warriors
  2 spatial maelstroms (Abyss:2)
  2 storm dragon skeletons
  2 flayed ghosts
  A shadow wraith (Vaults:3)
  A glowing orange brain (Vaults:3)
  55 deep trolls
  2 iron giant zombies (Crypt:1)
  A kraken simulacrum (Shoals:4)
  16 ironbound convokers
  A bunyip skeleton (Crypt:2)
  10 deep elf archers
  A fenstrider witch simulacrum (Crypt:2)
  4 phantasmal warriors
  9 necromancers
  14 wizards
  12 harpies
  3 orb spiders (shapeshifter)
  21 deep elf pyromancers
  8 lindwurms
  26 wolf spiders
  73 ugly things
  12 orb spiders
  3 oklob plants
  2 tengu skeletons
  29 deep elf zephyrmancers
  6 orc knights
  A moth of wrath (Spider:3)
  3 salamanders (Depths:4)
  17 cyclopes
  A frost giant zombie (Depths:2)
  A manticore (shapeshifter) (Elf:3)
  A faun (Shoals:3)
  17 manticores
  Joseph (D:8)
  7 merfolk sirens
  13 elephants
  9 black mambas
  A guardian serpent (Lair:6)
  A human skeleton (Vaults:4)
  4 ice statues
  9 water nymphs
  A stone giant skeleton (Vaults:4)
  15 cane toads
  11 vault sentinels
  2 rust devils
  2 molten gargoyles (Lair:3)
  4 gargoyles
  2 orange demons
  6 torpor snails
  A titan simulacrum (Crypt:2)
  11 rime drakes
  2 unseen horrors
  9 komodo dragons
  41 yaktaurs
  2 rime drakes (shapeshifter)
  A minotaur zombie (Crypt:2)
  2 kobold demonologists
  5 tengu conjurers
  11 demonic crawlers
  An anaconda simulacrum (Crypt:2)
  4 freezing wraiths
  A red draconian skeleton (Crypt:1)
  A black draconian skeleton (Crypt:1)
  2 ice devils
  An ancient zyme (Abyss:2)
  18 merfolk
  A tengu simulacrum (Vaults:4)
  12 trolls
  11 wind drakes
  37 jumping spiders
  A merfolk (shapeshifter) (Vaults:3)
  4 polar bears
  4 tyrant leeches (Lair:6)
  22 hornets
  A blink frog (shapeshifter) (Elf:1)
  22 blink frogs
  42 slime creatures
  A raiju (Abyss:2)
  An iron dragon simulacrum (Crypt:1)
  A slime creature (shapeshifter) (Depths:3)
  3 centaur simulacra
  79 redbacks
  6 snapping turtles
  3 flying skulls (Abyss:2)
  3 spriggans (Depths:4)
  11 wraiths
  3 air elementals
  An ettin skeleton (Crypt:1)
  A spriggan skeleton (Depths:2)
  23 water elementals
  44 tarantellas
  4 dire elephant simulacra
  A human (D:13)
  A satyr skeleton (Crypt:2)
  A ynoxinul (Depths:2)
  Grum (Lair:1)
  44 yaks
  A fire bat (shapeshifter) (D:14)
  13 wyverns
  3 fire elementals
  9 steam dragons
  A large abomination (Abyss:2)
  7 basilisks
  A death yak simulacrum (IceCv)
  6 small abominations (Abyss:2)
  3 wargs
  An ogre zombie (Vaults:4)
  13 vampire mosquitoes
  A basilisk (shapeshifter) (Elf:3)
  2 chaos spawn (Abyss:2)
  2 acid dragons
  A monstrous demonspawn skeleton (Crypt:1)
  A floating eye (Depths:5)
  24 water moccasins
  6 hydra simulacra (Depths:4)
  A gelid demonspawn skeleton (Crypt:1)
  17 orc warriors
  A faun skeleton (Crypt:2)
  2 sky beasts
  3 black bears
  A meliai simulacrum (D:14)
  A blink frog zombie (Crypt:2)
  7 ice beasts (Lair:2)
  24 ogres
  A boggart (Elf:1)
  14 centaurs
  16 wolves
  A dream sheep skeleton (Crypt:2)
  6 kobold brigands
  A phantom (D:7)
  A fire crab zombie (Crypt:1)
  13 bullfrogs
  A cyclops zombie (Crypt:1)
  A gnoll sergeant (D:4)
  A scorpion (D:4)
  3 earth elementals
  2 elephant simulacra (IceCv)
  An electric eel (D:14)
  A bullfrog zombie (D:4)
  3 centaur zombies
  5 lava snakes (Lair:3)
  A quasit (Abyss:2)
  2 gnoll shamans (D:6)
  3 jellies
  7 orc priests
  2 hounds (D:4)
  An iron imp (Depths:1)
  A bullfrog skeleton (D:6)
  2 centaur skeletons
  Natasha (thrice) (D:2)
  14 orc wizards
  A polar bear simulacrum (IceCv)
  A wolf simulacrum (IceCv)
  A howler monkey zombie (D:7)
  11 gnolls
  4 adders
  2 shadow imps
  6 white imps
  An adder skeleton (D:4)
  4 adder zombies (D:4)
  3 worms
  2 dart slugs (D:2)
  61 orcs
  9 ball pythons
  9 bats
  4 endoplasms
  7 giant cockroaches
  12 goblins
  5 hobgoblins
  6 jackals
  17 kobolds
  7 quokkas
  6 frilled lizards
  7 rats
  2 starspawn tentacles (Abyss:2)
  8 tentacles (Shoals:3)
1916 creatures vanquished.

Vanquished Creatures (others)
  A merfolk aquamancer (Shoals:4)
  A deep elf knight (Elf:1)
  A wizard (Vaults:1)
  An orb spider (Spider:2)
  A wolf spider (Spider:4)
  2 jumping spiders
  A redback (Spider:2)
  A fire bat (Abyss:2)
  A water elemental (Elf:1)
  An ufetubus (Abyss:2)
  2 bushes (Lair:6)
  38 fungi
  192 plants
  28 starspawn tentacles (Abyss:2)
  29 tentacles
300 creatures vanquished.

Grand Total: 2216 creatures vanquished

Notes
Turn   | Place    | Note
-------+----------+-------------------------------------------
     0 | D:1      | dolemite99 the Hill Orc Fighter began the quest for the
                  | Orb.
     0 | D:1      | Reached XP level 1. HP: 19/19 MP: 1/1
    98 | D:1      | Reached XP level 2. HP: 26/26 MP: 2/2
   100 | D:1      | Found a faded altar of an unknown god.
   180 | D:1      | Became a worshipper of Warmaster Okawaru
   180 | D:1      | Reached * piety under Okawaru
   731 | D:2      | Reached XP level 3. HP: 23/31 MP: 3/3
   842 | D:2      | Reached skill level 5 in Axes
   927 | D:2      | Noticed Natasha
   933 | D:2      | Killed Natasha
   934 | D:2      | Reached XP level 4. HP: 39/39 MP: 4/4
  1170 | D:2      | Noticed Natasha
  1178 | D:2      | Killed Natasha
  1415 | D:2      | Found a sacrificial altar of Ru.
  1432 | D:2      | Noticed Natasha
  1444 | D:2      | Killed Natasha
  1445 | D:2      | Reached XP level 5. HP: 15/45 MP: 5/5
  2362 | D:3      | Reached ** piety under Okawaru
  2438 | D:3      | Found a stormy altar of Qazlal.
  2623 | D:3      | Noticed an ogre
  2633 | D:3      | Killed an ogre
  2634 | D:3      | Reached XP level 6. HP: 21/51 MP: 6/6
  2993 | D:3      | Reached skill level 1 in Invocations
  3147 | D:3      | Found a shadowy altar of Dithmenos.
  3151 | D:3      | Found a hide-covered altar of Uskayaw.
  3691 | D:4      | Found a basalt altar of Yredelemnul.
  3816 | D:4      | Found a glowing drain.
  3838 | Sewer    | Entered a sewer
  4545 | D:4      | Reached XP level 7. HP: 51/57 MP: 6/9
  4623 | D:4      | Found a bloodstained altar of Trog.
  5358 | D:4      | Reached skill level 5 in Invocations
  6128 | D:5      | Entered Level 5 of the Dungeon
  6190 | D:5      | Reached XP level 8. HP: 55/64 MP: 9/12
  6196 | D:5      | Reached skill level 10 in Axes
  6294 | D:5      | Found a staircase to the Ecumenical Temple.
  6352 | D:5      | Found a hazy altar of Hepliaklqana.
  6433 | D:5      | Found Osuhyfueqo's General Store.
  6488 | D:5      | Bought a potion of curing for 33 gold pieces
  6488 | D:5      | Bought a scroll of fog for 22 gold pieces
  6488 | D:5      | Bought a potion of might for 44 gold pieces
  6499 | D:5      | Bought 13 poisoned darts for 57 gold pieces
  6795 | D:6      | Reached skill level 1 in Evocations
  7400 | D:6      | Reached skill level 5 in Evocations
  7680 | D:7      | Reached *** piety under Okawaru
  7703 | D:7      | Reached XP level 9. HP: 68/70 MP: 13/13
  8731 | D:8      | Noticed Joseph
  8737 | D:8      | Killed Joseph
  8737 | D:8      | Reached **** piety under Okawaru
  9219 | D:9      | Noticed a troll
  9223 | D:9      | Reached skill level 5 in Fighting
  9226 | D:9      | Killed a troll
  9227 | D:9      | Reached skill level 5 in Armour
  9249 | D:9      | Found an iron altar of Okawaru.
  9272 | D:9      | Found a staircase to the Lair.
  9584 | D:9      | Found a flagged portal.
  9686 | Bailey   | Entered a bailey
  9784 | Bailey   | Noticed an orc knight
  9786 | Bailey   | Noticed an orc knight
  9882 | Bailey   | Killed an orc knight
  9883 | Bailey   | Reached XP level 10. HP: 66/86 MP: 14/14
  9885 | Bailey   | Killed an orc knight
  9886 | Bailey   | Reached ***** piety under Okawaru
 10176 | D:9      | Identified 2 scrolls of acquirement
 10220 | D:9      | Acquired the +8 storm bow {elec, penet}
 10220 | D:9      | Found the +8 storm bow {elec, penet}
 10264 | D:10     | Entered Level 10 of the Dungeon
 10269 | D:10     | Reached skill level 1 in Bows
 10305 | D:10     | Noticed Harold
 10321 | D:10     | Killed Harold
 10326 | D:10     | Reached skill level 5 in Bows
 10438 | D:10     | Received a gift from Okawaru
 10722 | D:10     | Reached XP level 11. HP: 91/94 MP: 15/15
 10794 | D:10     | Noticed a two-headed ogre
 10800 | D:10     | Killed a two-headed ogre
 10826 | D:10     | Noticed Sonja
 10831 | D:10     | Killed Sonja
 11033 | D:10     | Found an opulent altar of Gozag.
 11099 | D:10     | Found a staircase to the Orcish Mines.
 11140 | D:10     | Acquired the ring of the Empire {rC+ rCorr Str+3 Stlth+}
 11378 | D:11     | Noticed an eight-headed hydra
 11384 | D:11     | Killed an eight-headed hydra
 11384 | D:11     | Received a gift from Okawaru
 11489 | D:11     | Noticed a boulder beetle
 11498 | D:11     | Killed a boulder beetle
 11556 | D:11     | Noticed a cyclops
 11562 | D:11     | Killed a cyclops
 11562 | D:11     | Received a gift from Okawaru
 11562 | D:11     | Reached ****** piety under Okawaru
 11569 | D:11     | Noticed an orc knight
 11575 | D:11     | Killed an orc knight
 11587 | D:11     | Noticed a cyclops
 11593 | D:11     | Killed a cyclops
 11594 | D:11     | Reached skill level 10 in Bows
 11704 | D:11     | You fall into a shaft and drop 3 floors!
 11817 | D:14     | Noticed a tengu warrior
 11856 | D:14     | Killed a tengu warrior
 11934 | D:14     | Noticed a wizard
 11939 | D:14     | Noticed a deep elf pyromancer
 11940 | D:14     | Noticed a boulder beetle
 11945 | D:14     | Noticed a skeletal warrior
 11951 | D:14     | Noticed a green ugly thing
 11951 | D:14     | Noticed a green ugly thing
 11951 | D:14     | Noticed a green ugly thing
 11951 | D:14     | Noticed a green ugly thing
 11951 | D:14     | Noticed a green ugly thing
 11952 | D:14     | Noticed a green ugly thing
 11952 | D:14     | Noticed a boulder beetle
 11958 | D:14     | Killed a green ugly thing
 11958 | D:14     | Noticed a centaur warrior
 11959 | D:14     | Reached XP level 12. HP: 72/102 MP: 11/16
 11969 | D:14     | Received a gift from Okawaru
 11979 | D:14     | Killed a centaur warrior
 12000 | D:14     | Killed a boulder beetle
 12038 | D:14     | Noticed a centaur warrior
 12040 | D:14     | Killed a centaur warrior
 12114 | D:14     | Noticed a centaur warrior
 12131 | D:14     | Killed a centaur warrior
 12137 | D:14     | Received a gift from Okawaru
 12559 | Lair:1   | Entered Level 1 of the Lair of Beasts
 12569 | Lair:1   | Received a gift from Okawaru
 12591 | Lair:1   | Noticed a death yak
 12592 | Lair:1   | Noticed a death yak
 12595 | Lair:1   | Noticed a death yak
 12597 | Lair:1   | Killed a death yak
 12598 | Lair:1   | Noticed a death yak
 12605 | Lair:1   | Killed a death yak
 12606 | Lair:1   | Reached XP level 13. HP: 82/107 MP: 15/17
 12673 | Lair:1   | You fall into a shaft and drop 1 floor!
 13277 | Lair:1   | Noticed Gastronok
 13289 | Lair:1   | Killed Gastronok
 13290 | Lair:1   | Reached skill level 10 in Fighting
 13571 | Lair:1   | Received a gift from Okawaru
 13622 | Lair:1   | Noticed Grum
 13628 | Lair:1   | Killed Grum
 14130 | Lair:2   | Found a staircase to the Shoals.
 14144 | Lair:2   | Found a hole to the Spider Nest.
 14147 | Lair:2   | Reached skill level 10 in Armour
 14710 | Lair:3   | Reached XP level 14. HP: 124/124 MP: 18/18
 14713 | Lair:3   | Received a gift from Okawaru
 15024 | Lair:3   | Found a frozen archway.
 15033 | IceCv    | Entered an ice cave
 15155 | IceCv    | Acquired the amulet "Camogoab" {Acrobat rCorr Int+4}
 16070 | Lair:4   | Received a gift from Okawaru
 16340 | Lair:4   | Found a runed translucent door.
 16340 | Lair:4   | Found a shimmering altar of Xom.
 16340 | Lair:4   | Noticed Jysajome's ghost (adept OgCj)
 16825 | Lair:4   | Reached skill level 10 in Invocations
 18102 | Lair:5   | Found a staircase to the Slime Pits.
 18108 | Lair:5   | Received a gift from Okawaru
 19051 | Lair:6   | Entered Level 6 of the Lair of Beasts
 19055 | Lair:6   | Received a gift from Okawaru
 19076 | Lair:6   | Reached XP level 15. HP: 134/134 MP: 24/24
 19281 | Lair:6   | Received a gift from Okawaru
 20407 | Lair:6   | Found a runed translucent door.
 20788 | Lair:6   | Paralysed by a hornet for 2 turns
 20928 | Lair:6   | Received a gift from Okawaru
 21118 | Lair:6   | Received a gift from Okawaru
 22554 | Orc:1    | Entered Level 1 of the Orcish Mines
 22742 | Orc:1    | Found Daqouf's Distillery.
 22807 | Orc:2    | Entered Level 2 of the Orcish Mines
 23093 | Orc:2    | Received a gift from Okawaru
 23125 | Orc:2    | Found a staircase to the Elven Halls.
 23127 | Orc:2    | Found Ces Heest's Assorted Antiques.
 23299 | Orc:2    | Found Yppinibb's Antique Weapon Shoppe.
 23301 | Orc:2    | Received a gift from Okawaru
 23539 | Orc:2    | Found Licw's Magic Scroll Shop.
 23555 | Orc:2    | Received a gift from Okawaru
 23563 | Orc:2    | Reached skill level 15 in Axes
 23573 | Orc:2    | Reached XP level 16. HP: 88/141 MP: 22/27
 23964 | Orc:2    | Identified the +1 chain mail "Pironocw" {Contam Rampage
                  | rPois Dex+5} (Okawaru gifted it to you on level 2 of the
                  | Orcish Mines)
 23964 | Orc:2    | Received a gift from Okawaru
 24166 | Orc:2    | Found Uxkoqan's General Store.
 24194 | Orc:2    | Found Fuxkaak's Weapon Shoppe.
 24565 | Orc:2    | Bought a flickering jade ring for 155 gold pieces
 24565 | Orc:2    | Identified the ring of Buyts {Contam AC+4 Str+4 Dex+4} (You
                  | bought it in a shop on level 2 of the Orcish Mines)
 24572 | Orc:2    | Learned a level 2 spell: Passwall
 24577 | Orc:2    | Learned a level 3 spell: Swiftness
 24597 | Orc:2    | Bought the +7 battleaxe of Yducviv {vamp, Fly rCorr Dex+5}
                  | for 1275 gold pieces
 24797 | D:12     | Found a transporter.
 25066 | D:12     | Found a transporter.
 25741 | D:12     | Found a runed translucent door.
 25741 | D:12     | Noticed Agauroho's ghost (journeyman GrEE)
 27425 | D:13     | Found a gate to the Vaults.
 27796 | D:14     | You are sucked into a shaft and drop 1 floor!
 27796 | D:15     | Entered Level 15 of the Dungeon
 28001 | D:15     | Noticed Josephine
 28017 | D:15     | Killed Josephine
 28028 | D:15     | Received a gift from Okawaru
 29108 | D:14     | Got the Papyrus of Shifting Hexes
 29178 | D:14     | Reached XP level 17. HP: 117/148 MP: 21/28
 29638 | D:14     | Reached XP level 18. HP: 155/155 MP: 29/29
 29837 | D:14     | Found a blossoming altar of Fedhas.
 30412 | D:14     | Identified Roxanne's Almanac of Changing
 30412 | D:14     | Noticed Roxanne
 30435 | D:14     | Killed Roxanne
 30781 | D:15     | Received a gift from Okawaru
 31056 | D:15     | Received a gift from Okawaru
 31421 | D:15     | Received a gift from Okawaru
 31500 | D:15     | Found a staircase to the Depths.
 32037 | Shoals:1 | Entered Level 1 of the Shoals
 32172 | Shoals:1 | Received a gift from Okawaru
 32456 | Shoals:1 | Acquired a +2 hat of willpower
 33977 | Shoals:3 | Found Xiarun's Assorted Antiques.
 33980 | Shoals:3 | Noticed Polyphemus
 33997 | Shoals:3 | Found Qeethioc's Antique Weapon Shop.
 34196 | Shoals:3 | Identified the +7 hand axe of dolemite99's Gallantry
                  | {freeze, rN+ Int+3} (Okawaru gifted it to you on level 3 of
                  | the Shoals)
 34196 | Shoals:3 | Received a gift from Okawaru
 34211 | Shoals:3 | Killed Polyphemus
 34314 | Shoals:3 | Bought a glowing executioner's axe for 364 gold pieces
 34378 | Shoals:3 | Bought 2 potions of curing for 210 gold pieces
 34378 | Shoals:3 | Bought 3 scrolls of identify for 210 gold pieces
 34378 | Shoals:3 | Bought a coral ring for 175 gold pieces
 34422 | Shoals:3 | Noticed Aizul
 34438 | Shoals:3 | Killed Aizul
 34439 | Shoals:3 | Reached XP level 19. HP: 111/165 MP: 24/30
 34677 | Spider:1 | Entered Level 1 of the Spider Nest
 35210 | Spider:1 | Received a gift from Okawaru
 36193 | Spider:2 | Noticed Mlioglotl
 36466 | Spider:2 | Received a gift from Okawaru
 36512 | Spider:2 | Killed Mlioglotl
 36753 | Spider:3 | Reached skill level 15 in Fighting
 36776 | Spider:3 | Reached skill level 15 in Armour
 36802 | Spider:3 | Noticed Louise
 37364 | Spider:2 | Received a gift from Okawaru
 37515 | Spider:3 | Killed Louise
 37912 | Spider:4 | Entered Level 4 of the Spider Nest
 38181 | Spider:4 | Received a gift from Okawaru
 38183 | Spider:4 | Reached XP level 20. HP: 171/181 MP: 0/31
 38210 | Spider:4 | Received a gift from Okawaru
 39499 | Spider:4 | Got a gossamer rune of Zot
 39883 | Orc:2    | Bought a scroll of fog for 30 gold pieces
 39883 | Orc:2    | Bought a scroll of teleportation for 45 gold pieces
 39883 | Orc:2    | Bought a scroll of fear for 52 gold pieces
 39883 | Orc:2    | Bought a scroll of enchant armour for 112 gold pieces
 39883 | Orc:2    | Bought a scroll of holy word for 112 gold pieces
 39891 | Orc:2    | Bought a scroll of fear for 45 gold pieces
 40187 | Orc:2    | Bought a potion of cancellation for 248 gold pieces
 40187 | Orc:2    | Bought a scroll of teleportation for 93 gold pieces
 40187 | Orc:2    | Bought a scroll of teleportation for 93 gold pieces
 40187 | Orc:2    | Bought a potion of curing for 93 gold pieces
 40454 | Vaults:1 | Entered Level 1 of the Vaults
 42038 | Vaults:1 | Found Zynequarch's Armour Shoppe.
 42114 | Vaults:1 | Identified the +6 great mace of Pestilence {venom, rC++}
 42549 | Vaults:1 | Received a gift from Okawaru
 42586 | Vaults:1 | Received a gift from Okawaru
 43217 | Vaults:2 | Received a gift from Okawaru
 43231 | Vaults:2 | Received a gift from Okawaru
 43610 | Vaults:2 | Received a gift from Okawaru
 43628 | Vaults:2 | Reached XP level 21. HP: 159/190 MP: 32/32
 44519 | Vaults:2 | Found a staircase to the Crypt.
 44574 | Vaults:2 | Received a gift from Okawaru
 44793 | Vaults:2 | Received a gift from Okawaru
 45145 | Vaults:3 | Received a gift from Okawaru
 46418 | Vaults:3 | Received a gift from Okawaru
 46616 | Vaults:3 | Identified the +8 great mace of Qolievo {vorpal, Str+4}
 46900 | Vaults:3 | Noticed Donald
 46907 | Vaults:3 | Killed Donald
 47620 | Vaults:4 | Received a gift from Okawaru
 47621 | Vaults:4 | Reached XP level 22. HP: 211/211 MP: 33/33
 47673 | Vaults:4 | Noticed Xtahua
 47680 | Vaults:4 | Killed Xtahua
 47777 | Vaults:4 | Identified the +0 cloak of the Frog {Harm Dex+4} (Okawaru
                  | gifted it to you on level 4 of the Vaults)
 47777 | Vaults:4 | Received a gift from Okawaru
 48498 | Vaults:4 | Noticed Jory
 48547 | Vaults:4 | Killed Jory
 49262 | Vaults:4 | Received a gift from Okawaru
 49536 | Vaults:4 | Identified the +5 war axe "Ygiac" {drain, Dex+5}
 49742 | Vaults:4 | Found a runed translucent gate.
 49743 | Vaults:4 | Found a runed translucent gate.
 49744 | Vaults:4 | Found a runed translucent gate.
 49748 | Vaults:4 | Noticed Anno's ghost (adept MiGl)
 50477 | Elf:1    | Entered Level 1 of the Elven Halls
 51009 | Elf:1    | Paralysed by an air elemental for 1 turns
 51587 | Elf:1    | Reached XP level 23. HP: 178/215 MP: 34/34
 52297 | Elf:2    | Paralysed by an air elemental for 1 turns
 52642 | Elf:2    | Found a runed translucent gate.
 52642 | Elf:2    | Found a runed translucent gate.
 52642 | Elf:2    | Found a runed translucent gate.
 52985 | Orc:1    | Bought a potion of curing for 33 gold pieces
 52985 | Orc:1    | Bought a potion of berserk rage for 55 gold pieces
 53178 | Shoals:1 | Identified the +3 chain mail "Meziew" {Harm rPois Dex+3}
 53401 | Shoals:3 | Noticed Mara
 53408 | Shoals:3 | Noticed dolemite99's illusion
 53750 | Depths:1 | Entered Level 1 of the Depths
 53905 | Depths:1 | Acquired a manual of Earth Magic
 53935 | Depths:1 | Reached skill level 1 in Earth Magic
 54500 | Depths:1 | Found Meodwue's Jewellery Boutique.
 54500 | Depths:1 | Found Baigari's Book Emporium.
 54502 | Depths:1 | Found Zamur's Jewellery Boutique.
 54603 | Depths:1 | Found a blossoming altar of Fedhas.
 54727 | Depths:1 | Received a gift from Okawaru
 54757 | Depths:1 | Reached skill level 5 in Earth Magic
 54933 | Depths:1 | Found a snail-covered altar of Cheibriados.
 55045 | Depths:1 | Found a gateway to Hell.
 55664 | Depths:1 | Found a one-way gate leading to the halls of Pandemonium.
 56104 | Depths:2 | Reached skill level 10 in Earth Magic
 57331 | Depths:2 | Reached skill level 1 in Transmutations
 57755 | Depths:2 | Identified the +1 leather armour "Kazeub" {rCorr}
 59104 | Depths:2 | Noticed a caustic shrike
 59123 | Depths:2 | Killed a caustic shrike
 59722 | Depths:2 | Received a gift from Okawaru
 59778 | Depths:2 | Reached skill level 5 in Transmutations
 59783 | Depths:2 | Noticed a juggernaut
 59791 | Depths:2 | Killed a juggernaut
 60263 | Depths:3 | Reached XP level 24. HP: 233/233 MP: 34/34
 60266 | Depths:3 | Found a corrupted altar of Lugonu.
 60557 | Depths:3 | Found a corrupted altar of Lugonu.
 60557 | Depths:3 | Found a one-way gate to the infinite horrors of the Abyss.
 60649 | Depths:3 | Upgraded the game from 0.28-a0-384-g9e0c098162 to
                  | 0.28-a0-390-gb254ac4902
 60751 | Depths:3 | Found a shimmering altar of Xom.
 60859 | Depths:3 | Found a gateway to a ziggurat.
 60880 | Depths:3 | Identified the +3 scale mail "Miejec" {Str+2}
 60979 | Depths:3 | Reached skill level 1 in Dodging
 61036 | Depths:3 | Received a gift from Okawaru
 62233 | Depths:4 | Noticed a juggernaut
 62234 | Arena    | Entered the Arena
 62247 | Arena    | Killed a juggernaut
 62248 | Arena    | Reached skill level 5 in Dodging
 62860 | Depths:4 | Received a gift from Okawaru
 63165 | Depths:4 | Found an ornate altar of the Wu Jian Council.
 63335 | Depths:5 | Entered Level 5 of the Depths
 63675 | Depths:5 | Received a gift from Okawaru
 63980 | Depths:5 | Received a gift from Okawaru
 64036 | Depths:5 | Found the ring of the Tortoise {AC+8}
 64657 | Depths:5 | Paralysed by a floating eye for 3 turns
 64793 | Depths:5 | Received a gift from Okawaru
 64795 | Depths:5 | Reached skill level 15 in Bows
 65535 | Depths:5 | Found a gate to the Realm of Zot.
 67058 | Elf:3    | Entered Level 3 of the Elven Halls
 67729 | Elf:3    | Got the Incunabulum of Confrontation
 67824 | Elf:3    | Reached XP level 25. HP: 184/223 MP: 34/34
 68088 | Elf:3    | Paralysed by an air elemental for 1 turns
 68172 | Elf:3    | Identified the +1 cloak of Laotheet {rC+ Dex+2 Stlth+}
 68275 | Elf:3    | Found a flickering gateway to a bazaar.
 68282 | Bazaar   | Entered a bazaar
 68282 | Bazaar   | Found Vuig's Antique Weapon Emporium.
 68282 | Bazaar   | Found Caudiycw's General Store.
 68283 | Bazaar   | Found Peunybbi's Jewellery Shoppe.
 68283 | Bazaar   | Found Suakik's Jewellery Shoppe.
 68309 | Bazaar   | Bought a scroll of enchant armour for 112 gold pieces
 68309 | Bazaar   | Bought 3 scrolls of enchant armour for 337 gold pieces
 68319 | Bazaar   | Bought the ring "Trusted Companion" {rElec Dex+6} for 797
                  | gold pieces
 68319 | Bazaar   | Bought a +4 ring of evasion for 396 gold pieces
 68478 | Elf:3    | Identified the +1 scale mail "Naby Xae" {rCorr}
 68509 | Elf:3    | Found a large runed translucent door.
 68510 | Elf:3    | Found a large runed translucent door.
 68512 | Elf:3    | Noticed Maimakterion's ghost (adept DEAE)
 68908 | Elf:3    | Identified the +0 ring mail of Noagut {+Inv rElec Int+2}
                  | (Okawaru gifted it to you on level 3 of the Elven Halls)
 68908 | Elf:3    | Received a gift from Okawaru
 69086 | Elf:3    | Identified the ring of Oriocur {Wiz rC+ Str+4 Dex-2}
 69163 | Elf:3    | Found the +6 lightning scales {swift, rElec}
 69184 | Elf:3    | Cast into level 2 of the Abyss (a deep elf demonologist)
 69530 | Abyss:2  | Gained mutation: Your spells are a little harder to cast,
                  | but a little more powerful. [a cacodemon]
 69643 | Abyss:2  | Reached skill level 10 in Dodging
 69649 | Elf:3    | Escaped the Abyss
 69655 | Elf:3    | Identified the +3 robe "Fakit" {rN+ rCorr MP-9}
 69659 | Elf:3    | Identified the +2 chain mail "Ynudd" {Harm Will+ Regen+
                  | Dex+3}
 69667 | Elf:3    | Identified the +7 long sword "Pit Bas" {vorpal, Dex+4}
 69788 | Elf:3    | Identified the +5 rapier of Bougats {vamp, *Slow Int+5}
 69800 | Elf:3    | Got Sif Muna's Papyrus of Gliding Contamination
 69816 | Elf:3    | Identified the +4 hunting sling "Roposs" {speed, rElec
                  | Str+5}
 70425 | Shoals:3 | Killed Mara
 71224 | Shoals:4 | Entered Level 4 of the Shoals
 71546 | Shoals:4 | Received a gift from Okawaru
 71768 | Shoals:4 | Received a gift from Okawaru
 72918 | Shoals:4 | Got a barnacled rune of Zot
 73474 | Crypt:1  | Entered Level 1 of the Crypt
 73491 | Crypt:1  | Received a gift from Okawaru
 73865 | Crypt:1  | Reached XP level 26. HP: 173/237 MP: 34/34
 74039 | Crypt:1  | Reached skill level 1 in Maces & Flails
 74957 | Crypt:1  | Identified the +10 chain mail of Vaasask {rElec Str+3}
 75468 | Crypt:2  | Noticed Frederick
 75478 | Crypt:2  | Killed Frederick
 75574 | Crypt:2  | Reached skill level 5 in Maces & Flails
 75714 | Crypt:2  | Received a gift from Okawaru
 75846 | Crypt:2  | HP: 5/248 [something (14)]
 75850 | Crypt:2  | Mangled by a vampire knight

Illustrated notes

Levels and vault maps discovered:
D:1:      dpeg_arrival_simpleton_b, layout_basic,
          shapermc_ecumenical_altar_mp_urbaneastern
D:2:      layout_basic, basic_altar, minmay_hexomino_u4, uniq_natasha
D:3:      layout_loops_cross, jmf_multi_god_temple,
          mainiacjoe_overflow_surrounded_room, minmay_stone_trees_small
D:4:      layout_cave_pods, nicolae_yredelemnul_corpse_copse,
          amcnicky_altar_gilded, portal_sewer_entry_f,
          small_statue_intersection, lightli_minifort
D:5:      layout_cave_pools, nicolae_hepliaklqana_hippocampus,
          minmay_temple_entry_mist, serial_column_ruins, column_ruins_grid_3,
          column_ruins_columns_dead_end, column_ruins_open_large,
          column_ruins_open_small, column_ruins_grid_2, column_ruins_open_tiny,
          serial_shops, shop_coins
D:6:      layout_rooms, kennysheep_generic_room_7
D:7:      layout_basic
D:8:      layout_cave_pods, uniq_joseph
D:9:      layout_gridville, okawaru_gym_becter, nicolae_overflow_hidden_temple,
          lair_entry_dummy, enter_bailey_3
D:10:     layout_basic, marbit_many_paths, david_orc_1_choice,
          hangedman_abyss_or_decor_lesser_grid, centaur_isle, uniq_sonja,
          uniq_harold
D:11:     layout_basic, chequers_arboretum, kennysheep_generic_room_8
D:12:     gammafunk_cloud_chamber, layout_layer_cave, gammafunk_ghost_grave
D:13:     layout_basic, grunt_vaults_entry_fortified
D:14:     minmay_the_grid_square_5x5_5x5 [minmay_the_grid_square_5x5_bridge,
          minmay_the_grid_square_5x5_fat_x,
          minmay_the_grid_square_5x5_minivault,
          minmay_the_grid_square_5x5_dogpile,
          minmay_the_grid_square_5x5_two_small,
          minmay_the_grid_square_5x5_percent,
          minmay_the_grid_square_5x5_prize_rear_guard,
          minmay_the_grid_square_5x5_one_wall,
          minmay_the_grid_square_5x5_prize_gold,
          minmay_the_grid_square_5x5_corner, minmay_the_grid_square_5x5_three,
          minmay_the_grid_square_5x5_longway,
          minmay_the_grid_square_5x5_prize_waves,
          minmay_the_grid_square_5x5_pentomino_r,
          minmay_the_grid_square_5x5_shrine1, minmay_the_grid_square_5x5_spiral,
          minmay_the_grid_square_5x5_prize_junk, minmay_the_grid_square_5x5_tie,
          minmay_the_grid_square_5x5_prize_deathbox,
          minmay_the_grid_square_5x5_minimal, minmay_the_grid_square_5x5_n,
          minmay_the_grid_square_5x5_fancy_junction,
          minmay_the_grid_square_5x5_bracketed,
          minmay_the_grid_square_5x5_checkered_sparse,
          minmay_the_grid_square_5x5_seven], layout_long_grid,
          serial_bayou_pond_b, kennysheep_just_a_vault, uniq_roxanne
D:15:     gammafunk_enter_depths_forms, layout_loops_ring, nrook_campfire,
          uniq_josephine
Lair:1:   layout_roguey, gauntlet_entry_generic, grunt_megastairs_3, uniq_grum,
          uniq_gastronok
Lair:2:   layout_regular_city, elwin_shoals_entry_rocks,
          nicolae_spider_entry_orb_guardian, columned_hall_lemuel, ice2_lemuel,
          lemuel_fruit_tree
Lair:3:   cheibrodos_magma_flow, layout_small_grid,
          portal_ice_cave_entry_pillars_2
Lair:4:   layout_big_grid, ebering_ghost_xom, bobbens_dragon_lair_wall
Lair:5:   layout_misc_corridors, minmay_slime_entry_oklob_open,
          grunt_megastairs_1
Lair:6:   hangedman_lair_tendril_chambers, layout_cellular_growth, wormcave,
          hangedman_lair_unloving_vines, nzn_sisyphean_effort
Shoals:1: layout_shoals, nicolae_shoals_dead_sea_scrolls
Shoals:2: layout_shoals, nicolae_shoals_arrival_archipelago
Shoals:3: layout_shoals, serial_shops, nicolae_shop_waterfront,
          nicolae_stop_n_shop_1, nicolae_shoals_pincushion_passage, uniq_aizul,
          uniq_polyphemus, uniq_mara
Shoals:4: shoals_end_grunt_ice, layout_shoals
Spider:1: layout_spider_delve, nicolae_spider_shape
Spider:2: layout_spider_delve, uniq_mlioglotl
Spider:3: layout_spider_delve, uniq_louise
Spider:4: grunt_spider_rune_circles, guppyfry_hornet_nest
Orc:1:    layout_diamond_mine, serial_shops, shop
Orc:2:    st_orc_open, layout_caves, serial_shops, shop
Elf:1:    elf_arrival_002, layout_geoelf_grid, hangedman_elf_disciples,
          roderic_lattice_octagonal_star
Elf:2:    nicolae_elf_blades_splatter_lattice [nicolae_blade_little_rooms],
          layout_rooms
Elf:3:    minmay_elf_hall, layout_loops_ring, ebering_ghost_disaster_area,
          serial_shops, freezing_bzr, amcnicky_mini_pool_small
Vaults:1: vaults_room_fours, hangedman_vaults_nails, v_misc_4, v_alt_pattern_3,
          nicolae_vaults_circle_grid_a, v_pattern_5, nicolae_vaults_rhombus_5,
          v_misc_28, v_misc_14, v_misc_12, layout_vaults_quadrants,
          serial_shops, nicolae_square_shop
Vaults:2: vaults_room_ringed_pool, vaults_mumra_minichess_inversion,
          nicolae_vaults_windows_and_doors_thing, vaults_room_glass_cross,
          serial_ice_h, hangedman_vaults_pinch,
          minmay_crypt_entry_simple_sparse, vaults_mumra_minichess, v_rooms_2,
          hangedman_vaults_stretched_pinwheel, hangedman_vaults_snaps,
          vaults_room_door_ring, layout_vaults_omnicross
Vaults:3: v_pattern_1, v_misc_24, hangedman_vaults_corner_blocks,
          nicolae_vaults_network_periphery, vaults_dpeg_doors,
          ontoclasm_vaults_pinch, nicolae_vaults_octagons, v_alt_pattern_1,
          vaults_mumra_hexcomb, nicolae_vaults_border_crossing,
          nicolae_vaults_what_the_h, hangedman_vaults_corner,
          ontoclasm_vaults_loading_screen, layout_vaults_omnibox, uniq_donald
Vaults:4: gammafunk_vaults_ghost_necromancy, nicolae_vaults_little_squares_4,
          nicolae_vaults_back_hallway, nicolae_vaults_yaktaur_gun_rack,
          hangedman_vaults_locks, vaults_room_stairs_pillars,
          ontoclasm_vaults_hangar, v_misc_33, ontoclasm_vaults_chip,
          nicolae_vaults_specimen_jars, layout_vaults_maze_snakey, uniq_xtahua,
          uniq_jory
Crypt:1:  layout_regular_city, mu_enter_wizlab_3
Crypt:2:  layout_misc_corridors, uniq_frederick, uniq_khufu
Depths:1: layout_basic, rand_demon_pan_entry_9, fedhas_altar_4,
          pf_hell_entry_great_geh, slow_altar_1, serial_bayou_shore_a,
          serial_bayou_shore_b, serial_bayou_shore_b, minmay_shop_grove
Depths:2: cell_vault, layout_honeycomb, pf_hell_entry_tar_river,
          rand_demon_pan_entry_8, minmay_misc_feat_cross,
          minmay_staircase_bubble
Depths:3: kennysheep_ogre_elephant_herders, layout_cave_shapes,
          enter_ziggurat_e, hell_entry, serial_column_ruins,
          column_ruins_portal_squares, column_ruins_square_medium,
          column_ruins_circle_medium, column_ruins_open_large,
          column_ruins_grid_1, column_ruins_open_tiny, column_ruins_open_small,
          column_ruins_columns_dead_end, column_ruins_open_tiny,
          column_ruins_corridor_plus, abyss_entry_flame_altar, pan_entry,
          xom_teletrap_fun, tgw_lugonu_bribe, infiniplex_staircase_spiral
Depths:4: cheibrodos_hall_of_evolution, layout_gridville,
          nicolae_wu_jian_immortal_techniques, marbit_kobold_abyss_entry,
          hangedman_coc_ice_floe, minmay_misc_feat_five
Depths:5: grunt_x_marks_the_spot, layout_gridville, abyss_entry, hell_entry,
          chequers_serial_rivers_micro_c, hangedman_decor_clover_reticule,
          minmay_guarded_unrand_tortoise

Skill      XL: |  1  2  3  4  5  6  7  8  9 10 11 12 13 14 15 16 17 18 19 20 21 22 23 24 25 26 |
---------------+-------------------------------------------------------------------------------+-----
Axes           | 3 4 5 7 8 9 10 15 19 20 22 | 22.5
Invocations    | 3 5 6 13 14 | 14.7
Evocations     | 6 8 |  8.1
Fighting       | 7 8 11 12 13 16 18 20 22 | 22.5
Armour         | 6 7 10 11 12 13 15 17 19 21 | 21.5
Bows           | 6 10 13 14 16 17 | 17.0
Earth Magic    | 12 | 12.2
Transmutations | 5 6 |  6.8
Dodging        | 6 12 | 12.7
Maces & Flails | 6 |  6.0
Shields        | |  3.2

Action                   |  1- 3 |  4- 6 |  7- 9 | 10-12 | 13-15 | 16-18 | 19-21 | 22-24 | 25-27 || total
-------------------------+-------+-------+-------+-------+-------+-------+-------+-------+-------++-------
Melee: War axe           |    76 |   196 |   215 |    13 |       |       |       |       |       ||   500
       Hand axe          |       |       |    82 |    13 |       |       |       |       |       ||    95
       Broad axe         |       |       |       |       |    11 |       |       |       |       ||    11
       Unarmed           |       |       |       |       |     1 |       |       |       |       ||     1
       Punch             |       |       |       |       |     1 |       |       |       |       ||     1
       Battleaxe         |       |       |       |       |       |    73 |   611 |   526 |   173 ||  1383
       Longbow           |       |       |       |       |       |     2 |       |       |       ||     2
       Executioner's axe |       |       |       |       |       |       |    22 |    26 |    96 ||   144
 Fire: Longbow           |       |       |       |   213 |   895 |   800 |   648 |  1013 |   556 ||  4125
Throw: Stone             |       |    63 |     3 |       |       |       |       |       |       ||    66
       Dart              |       |       |       |     4 |       |       |       |       |       ||     4
Invok: Heroism           |       |     5 |    10 |    18 |    36 |    31 |    21 |    11 |    18 ||   150
       Finesse           |       |       |       |     5 |     6 |     8 |     9 |     5 |     5 ||    38
       Duel              |       |       |       |       |       |       |       |     1 |       ||     1
Evoke: Wand              |       |       |    36 |    15 |     2 |    11 |    22 |     5 |       ||    91
       Lightning rod     |       |       |       |       |       |       |     6 |    18 |     5 ||    29
       Phial of floods   |       |       |       |       |       |       |     2 |     3 |       ||     5
       Tin of tremorston |       |       |       |       |       |       |       |       |     3 ||     3
       Condenser vane    |       |       |       |       |       |       |       |       |     2 ||     2
  Use: Potion            |       |     2 |     6 |     2 |     5 |     6 |    11 |     7 |     6 ||    45
       Scroll            |       |    12 |     4 |    12 |    17 |    12 |    12 |     8 |     6 ||    83
 Stab: Invisible         |       |       |       |       |     1 |       |    11 |     1 |       ||    13
       Held in net/web   |       |       |       |       |       |       |     1 |       |     1 ||     2
Armor: Scale mail        |    36 |   117 |   114 |       |    82 |       |       |       |       ||   349
       Plate armour      |       |       |    45 |    93 |       |   119 |   988 |   596 |   212 ||  2053
       Fire dragon scale |       |       |       |       |    90 |   135 |       |       |       ||   225
       Chain mail        |       |       |       |       |       |       |       |       |    26 ||    26
Dodge: Dodged            |    41 |    96 |   126 |    50 |   172 |   214 |   593 |   436 |   382 ||  2110
       Repelled          |       |       |       |       |       |       |       |     5 |    11 ||    16
Block: Buckler           |    18 |    53 |    64 |     6 |       |       |       |       |       ||   141

Table legend: (Time is in decaauts)
 A = Elapsed time spent in this place.
 B = Non-inter-level travel time spent in this place.
 C = Inter-level travel time spent in this place.
 D = Time resting spent in this place.
 E = Time spent auto-exploring this place.
 F = Levels seen in this place.
 G = Mean time per level.
                   A        B        C        D        E       F      G
               +--------+--------+--------+--------+--------+-----+--------+
         Total |  75287 |  70139 |   5148 |  17480 |  38165 |  51 | 1476.2 |
       Dungeon |  20537 |  18446 |   2091 |   3915 |  10699 |  15 | 1369.1 |
          Lair |   9747 |   9191 |    556 |   1057 |   6152 |   6 | 1624.5 |
        Shoals |   6235 |   5733 |    502 |    844 |   3639 |   4 | 1558.8 |
   Spider Nest |   4876 |   4725 |    151 |   2014 |   1868 |   4 | 1219.0 |
  Orcish Mines |   3046 |   2305 |    741 |    754 |   1035 |   2 | 1523.0 |
   Elven Halls |   5264 |   4941 |    323 |   1387 |   2496 |   3 | 1754.7 |
        Vaults |  10073 |   9791 |    282 |   2189 |   5835 |   4 | 2518.2 |
         Crypt |   1948 |   1870 |     78 |    425 |   1036 |   2 |  974.0 |
        Depths |  11844 |  11424 |    420 |   4786 |   4832 |   5 | 2368.8 |
         Abyss |    439 |    439 |      0 |      6 |     96 |   1 |  439.0 |
        Bazaar |     82 |     82 |      0 |      0 |      0 |   1 |   82.0 |
         Sewer |    587 |    587 |      0 |      0 |    371 |   1 |  587.0 |
        Bailey |    291 |    291 |      0 |      0 |     78 |   1 |  291.0 |
      Ice Cave |    291 |    291 |      0 |    100 |     26 |   1 |  291.0 |
         Arena |     19 |     19 |      0 |      0 |      0 |   1 |   19.0 |
               +--------+--------+--------+--------+--------+-----+--------+

Top non-repeatable levels by time:
Depths:2: 4440 daAuts
    D:14: 2901 daAuts
  Lair:6: 2828 daAuts
Vaults:4: 2608 daAuts
Vaults:1: 2577 daAuts
Vaults:3: 2484 daAuts
     D:4: 2442 daAuts
Vaults:2: 2403 daAuts
   Orc:2: 2246 daAuts
   Elf:3: 2132 daAuts
Depths:1: 2038 daAuts
Shoals:4: 2010 daAuts
    D:13: 1976 daAuts
Depths:4: 1945 daAuts
  Lair:4: 1894 daAuts
